 Dungeon Crawl Stone Soup version 0.30-a0-728-gc68057be0a (webtiles) character file.

Game seed: 9811812706742031211

1340 Gargoyl the Chopper (level 8, -1/48 HPs)
             Began as a Gargoyle Berserker on Jan 30, 2023.
             Was a Believer of Trog.
             Slain by a rust devil (7 damage)
             ... on level 5 of the Dungeon.
             The game lasted 00:07:42 (4890 turns).

Gargoyl the Chopper (Gargoyle Berserker)            Turns: 4890, Time: 00:07:42

Health: -1/48      AC: -24   Str: 19 (20) XL:     8   Next: 62%
Magic:  17/17      EV:  6    Int:  6 (9)  God:    Trog [**....]
Gold:   106        SH:  3    Dex: 10 (11) Spells: 7/7 levels left

rFire   + . .      SeeInvis .    a - +0 hand axe
rCold   + . .      Faith    .    p - +0 buckler
rNeg    + . .      Spirit   .    k - +0 plate armour
rPois   ∞          Reflect  .    (no helmet)
rElec   +          Harm     .    (no cloak)
rCorr   +          Rampage  .    (no gloves)
Will    ++...                    n - +0 pair of boots Stlth
                                 (no amulet)
HPRegen 1.28/turn                f - ring of flight
MPRegen 0.15/turn                m - ring of magical power

@: resistant, strong-willed, corroded, on berserk cooldown, flying,
regenerating, slowed, very slow
A: sickness immunity, AC +5, negative energy resistance 1, electricity
resistance, torment resistance 1, petrification resistance
a: Renounce Religion, Berserk, Trog's Hand


You were on level 5 of the Dungeon.
You worshipped Trog.
Trog was pleased with you.
You visited 1 branch of the dungeon, and saw 6 of its levels.

You collected 196 gold pieces.
You spent 90 gold pieces at shops.

Inventory:

Hand Weapons
 a - a +0 hand axe (weapon)
Missiles
 u - 4 poisoned darts (quivered)
Armour
 k - a +0 plate armour (worn)
 n - a +0 pair of boots (worn)
 p - a +0 buckler (worn)
Jewellery
 f - a ring of flight (left hand)
 m - a ring of magical power (right hand)
Wands
 d - a wand of quicksilver (8)
Scrolls
 g - 5 scrolls of vulnerability
 i - a scroll of immolation
 s - a scroll of identify
Potions
 h - 3 potions of berserk rage
 l - a potion of degeneration
 o - a potion of mutation {unknown}
 q - a potion of might {unknown}
 t - a potion of ambrosia {unknown}
 v - a potion of brilliance {unknown}


   Skills:
 + Level 4.8 Fighting
 * Level 6.8 Axes
 * Level 6.0 Armour
 * Level 3.5 Dodging
 + Level 0.6 Stealth
 + Level 1.6 Shields
 + Level 0.6 Evocations


You had 7 spell levels left.
You didn't know any spells.
Your spell library was empty.

Dungeon Overview and Level Annotations

Branches:
Dungeon (6/15)             Temple (0/1) D:5

Altars:
Ashenzari
Elyvilon
Fedhas
Uskayaw
Wu Jian
Zin


Innate Abilities, Weirdness & Mutations

You are immune to sickness and miasma.
Your stone body is resilient. (AC +5)
You are immune to poison.
You resist negative energy. (rN+)
You are resistant to electric shocks. (rElec)
You are resistant to unholy torment.
You are immune to petrification.


Message History

The rust devil is moderately wounded.
You hit the rust devil but do no damage.
The rust devil is moderately wounded.
The rust devil barely misses you.
You hit the rust devil but do no damage.
The rust devil is moderately wounded.
The rust devil hits you! The rust devil corrodes you!
You hit the rust devil but do no damage.
The rust devil is moderately wounded.
You feel the effects of Trog's Hand fading.
The rust devil hits you. The rust devil corrodes you!
You feel a strong urge to attack something.
You are no longer berserk.
You are exhausted.
You feel yourself slow down. The rust devil hits you!
The rust devil corrodes you!
It was a potion of resistance.
You feel protected. The rust devil hits you!
* * * LOW HITPOINT WARNING * * *
You block the rust devil's attack.
As you read the scroll labelled ZYICEE PIPEYR, it crumbles to dust.
You feel aware of your surroundings.
You sensed 1 shop/portal.
It was a scroll of magic mapping.
Your skin stops crawling.
You feel less strong-willed. The rust devil hits you.
* * * LOW HITPOINT WARNING * * *
The rust devil corrodes you!
Okay, then.
Unknown command.
Your skin crawls.
You feel strong-willed. The rust devil hits you!
* * * LOW HITPOINT WARNING * * *
The rust devil corrodes you! You block the rust devil's attack.
It was a potion of degeneration.
There was something very wrong with that liquid.
You feel weakened.
You feel dopey.
You feel clumsy. The rust devil hits you!
You die...

#.##.###....⌠...# #
#.##.# #......[.# #
#.##.# #.#⌠.>.⌠##
#####.##.###.#.....#
......##.#...#..⌠..#
.#######.#.........#
.# #....#....##.###
.# #.####....##.#
.####.# #....##@#
......# #.....#4#
.###### #...#...# .#
#...###># .# #####
### .# ##


You could see a rust devil.

Vanquished Creatures
  An orc warrior (D:6)
  An ice beast (D:4)
  A black bear (D:4)
  A centaur (D:6)
  A bullfrog (D:5)
  A necrophage (D:4)
  A gnoll sergeant (D:5)
  A scorpion (D:6)
  3 howler monkeys
  2 hounds (D:5)
  3 iguanas
  Natasha (D:3)
  8 orc wizards
  11 gnolls
  6 adders
  A river rat (D:4)
  A white imp (D:4)
  An ufetubus (D:6)
  3 worms
  A dart slug (D:4)
  8 orcs
  6 ball pythons
  6 bats
  3 endoplasms
  4 giant cockroaches
  7 goblins
  4 hobgoblins
  2 jackals (D:1)
  5 quokkas
  3 frilled lizards
  2 kobolds
  6 rats
  A butterfly (D:6)
106 creatures vanquished.

Vanquished Creatures (others)
  13 plants (D:6)
13 creatures vanquished.

Grand Total: 119 creatures vanquished

Notes
Turn   | Place    | Note
-------+----------+-------------------------------------------
     0 | D:1      | Gargoyl the Gargoyle Berserker began the quest for the Orb.
     0 | D:1      | Reached XP level 1. HP: 14/14 MP: 1/1
   481 | D:1      | Reached XP level 2. HP: 18/19 MP: 2/2
   841 | D:2      | Found a faded altar of an unknown god.
  1033 | D:2      | Reached ** piety under Trog
  1034 | D:2      | Reached XP level 3. HP: 23/23 MP: 3/3
  1779 | D:3      | Reached XP level 4. HP: 29/29 MP: 4/4
  1979 | D:3      | Found a white marble altar of Elyvilon.
  1986 | D:3      | Noticed Natasha
  1998 | D:3      | Killed Natasha
  1999 | D:3      | Reached XP level 5. HP: 25/33 MP: 5/5
  2052 | D:3      | Found an ornate altar of the Wu Jian Council.
  2213 | D:3      | Found a blossoming altar of Fedhas.
  2441 | D:4      | Reached XP level 6. HP: 35/38 MP: 6/6
  2558 | D:4      | Reached skill level 5 in Axes
  2610 | D:4      | Noticed a black bear
  2619 | D:4      | Killed a black bear
  2749 | D:4      | Found a broken altar of Ashenzari.
  2999 | D:4      | Found Zin's Purification Station.
  3002 | D:4      | Found a glowing silver altar of Zin.
  3005 | D:4      | Bought a potion of curing for 90 gold pieces
  3084 | D:4      | Reached XP level 7. HP: 36/43 MP: 7/7
  3296 | D:5      | Entered Level 5 of the Dungeon
  3730 | D:5      | Found a hide-covered altar of Uskayaw.
  3945 | D:5      | Reached skill level 1 in Shields
  3979 | D:5      | Reached XP level 8. HP: 40/48 MP: 8/8
  4249 | D:5      | Found a staircase to the Ecumenical Temple.
  4357 | D:6      | Reached skill level 5 in Armour
  4381 | D:6      | Reached *** piety under Trog
  4623 | D:5      | Noticed a rust devil
  4623 | D:5      | Noticed a rust devil
  4890 | D:5      | Slain by a rust devil

Illustrated notes

Levels and vault maps discovered:
D:1:      evilmike_arrival_plus, layout_basic, minmay_misc_feat_room
D:2:      layout_basic, basic_ecumenical_altar
D:3:      wad_pebble_path, layout_basic, mainiacjoe_overflow_big_doors,
          mainiacjoe_overflow_24_doors, grunt_ministairs_1, uniq_natasha
D:4:      layout_basic, nicolae_overflow_hidden_temple, zin_purify,
          gup_sewer_entry_bowl, grunt_ministairs_13, minmay_stone_trees_small
D:5:      cheibrodos_iron_armory, layout_basic, old_standard_altar,
          temple_fountains, hex_medium, dreamdust_gnoll_farm
D:6:      minmay_flawed_box, layout_loops_ring, xom_butterflies,
          mainiacjoe_overflow_alcove_4, serial_bayou, serial_bayou_pond_c,
          serial_bayou_pond_e, serial_bayou_lake_a, ebering_ghost_rock_garden

Skill      XL: |  1  2  3  4  5  6  7  8 |
---------------+-------------------------+-----
Axes           | 3 4 5 6 |  6.8
Dodging        | 2 3 |  3.5
Armour         | 3 4 6 |  6.0
Fighting       | 4 |  4.8
Shields        | 1 |  1.6
Stealth        | |  0.6
Evocations     | |  0.6

Action                     |  1- 3 |  4- 6 |  7- 9 || total
---------------------------+-------+-------+-------++-------
  Melee: Hand axe          |   122 |   162 |   233 ||   517
         Punch             |       |     1 |       ||     1
 Invoke: Berserk           |       |     5 |     7 ||    12
         Trog's Hand       |       |     2 |     8 ||    10
  Evoke: Wand              |       |       |     1 ||     1
    Use: Scroll            |     3 |     5 |     4 ||    12
         Potion            |       |       |     7 ||     7
   Stab: Sleeping          |     1 |       |       ||     1
 Armour: Animal skin       |    41 |       |       ||    41
         Plate armour      |    24 |   118 |   209 ||   351
  Dodge: Dodged            |    83 |    50 |    83 ||   216
  Block: Buckler           |       |     3 |    38 ||    41

Table legend: (Time is in decaauts)
 A = Elapsed time spent in this place.
 B = Non-inter-level travel time spent in this place.
 C = Inter-level travel time spent in this place.
 D = Time resting spent in this place.
 E = Time spent auto-exploring this place.
 F = Levels seen in this place.
 G = Mean time per level.
                   A        B        C        D        E       F      G
               +--------+--------+--------+--------+--------+-----+--------+
         Total |   4996 |   4820 |    176 |    429 |   3106 |   6 |  832.7 |
       Dungeon |   4996 |   4820 |    176 |    429 |   3106 |   6 |  832.7 |
               +--------+--------+--------+--------+--------+-----+--------+

Top non-repeatable levels by time:
     D:4: 1304 daAuts
     D:5: 915 daAuts
     D:1: 848 daAuts
     D:2: 777 daAuts
     D:3: 715 daAuts
     D:6: 434 daAuts
